 Dungeon Crawl Stone Soup version 0.31.0 (webtiles) character file.

Game seed: 16624920077141768479

18 qw the Shooter (level 2, -5/17 HPs)
             Began as a Gargoyle Hunter on Jan 20, 2024.
             Slain by a ribbon worm (7 damage)
             ... on level 2 of the Dungeon.
             The game lasted 00:00:02 (761 turns).

qw the Shooter (Gargoyle Hunter)                     Turns: 761, Time: 00:00:02

Health: -5/17      AC:  8    Str: 14    XL:     2   Next: 66%
Magic:  2/2        EV: 10    Int:  9    God:
Gold:   85         SH:  0    Dex: 13    Spells: 1/1 levels left

rFire   + . .        a - +0 shortbow
rCold   . . .        (shield currently unavailable)
rNeg    + . .        h - +0 ring mail
rPois   inf          (no helmet)
rElec   +            (no cloak)
rCorr   .            (no gloves)
SInv    .            (no boots)
Will    .....        (no amulet)
Stlth   +            f - ring of protection from fire
HPRegen 0.22/turn    (no ring)
MPRegen 0.08/turn

%: no passive effects
@: no status effects
A: sickness immunity, AC +2, negative energy resistance 1, electricity
resistance, torment resistance 1, petrification resistance
a: no special abilities


You were on level 2 of the Dungeon.
You visited 1 branch of the dungeon, and saw 2 of its levels.

You collected 85 gold pieces.


Innate Abilities, Weirdness & Mutations

You are immune to sickness and miasma.
Your stone body is resilient. (AC +2)
You are immune to poison.
You resist negative energy. (rN+)
You are resistant to electric shocks. (rElec)
You are resistant to unholy torment.
You are immune to petrification.


   Skills:
 - Level 2.1 Fighting
 + Level 4.5 Ranged Weapons
 - Level 1.0 Armour
 - Level 1.5 Dodging
 - Level 1.1 Stealth


You had one spell level left.
You didn't know any spells.
Your spell library was empty.

Inventory:

Hand Weapons
 a - a +0 shortbow (weapon)
Armour
 c - a +2 pair of gloves
 h - a +0 ring mail (worn)
Jewellery
 f - a ring of protection from fire (left hand)
Wands
 j - a wand of mindburst (12)
Potions
 b - a potion of haste {unknown}
 d - a potion of enlightenment {unknown}
 e - a potion of cancellation {unknown}
 g - a potion of curing {unknown}
 i - a potion of mutation {unknown}
 k - a potion of attraction {unknown}

Dungeon Overview and Level Annotations

Branches:
Dungeon (2/15)

Altars:

Shops:
D:1 [


Message History

The ribbon worm expels a string of sticky webbing.
The stream of webbing hits you but does no damage.
You are caught in a web!
The web tears apart.
The ribbon worm bites you but does no damage.
A goblin comes into view. It is wielding a +0 club.
You shoot an arrow. The arrow hits the ribbon worm.
The ribbon worm is severely wounded.
The ribbon worm bites you.
You shoot an arrow.
The arrow barely misses the ribbon worm.
The ribbon worm expels a string of sticky webbing.
The stream of webbing hits you but does no damage.
You are caught in a web!
The web tears apart.
The ribbon worm expels a string of sticky webbing.
The stream of webbing hits you but does no damage.
You are caught in a web!
The web tears apart.
The ribbon worm bites you but does no damage.
You shoot an arrow.
The arrow barely misses the ribbon worm.
The ribbon worm bites you but does no damage.
You shoot an arrow. The arrow hits the ribbon worm.
The ribbon worm is heavily wounded.
The goblin hits you with a +0 club. The ribbon worm bites you.
You shoot an arrow.
The arrow hits the ribbon worm but does no damage.
The ribbon worm is heavily wounded.
The goblin hits you with a +0 club. The ribbon worm bites you.
You shoot an arrow.
The arrow completely misses the ribbon worm.
The goblin hits you with a +0 club. The ribbon worm barely misses you.
You shoot an arrow. The arrow hits the ribbon worm.
The ribbon worm is severely wounded.
The goblin hits you but does no damage. x2
You shoot an arrow. The arrow hits the ribbon worm.
The ribbon worm is almost dead.
The ribbon worm bites you!
You die...

....# ....#
#.......# ....###
#...?...# ......#
#........ #####.#
#!.....$# #.#
#..%....# #.#######
#.......# #.......#
#gw.....#
#######.####@......#
#......####.##
########


You could see a ribbon worm and a goblin.

Vanquished Creatures
  2 ball pythons (D:1)
  2 endoplasms (D:1)
  A giant cockroach (D:1)
  2 goblins (D:1)
  3 hobgoblins (D:2)
  A kobold (D:1)
  2 quokkas (D:2)
  A frilled lizard (D:1)
14 creatures vanquished.

Notes
Turn   | Place    | Note
-------+----------+-------------------------------------------
     0 | D:1      | qw the Gargoyle Hunter began the quest for the Orb.
     0 | D:1      | Reached XP level 1. HP: 12/12 MP: 1/1
     0 | D:1      | 0 ||| qw: Version: 0.3-a-132-g3d54051
     0 | D:1      | 0 ||| qw: Game counter: 546
     0 | D:1      | 0 ||| qw: Melee chars always use a shield: true
     0 | D:1      | 0 ||| qw: God list: Okawaru
     0 | D:1      | 0 ||| qw: Allow faded altars: false
     0 | D:1      | 0 ||| qw: Do Orc after clearing Dungeon:15 true
     0 | D:1      | 0 ||| qw: Do second Lair branch before Depths: true
     0 | D:1      | 0 ||| qw: Lair rune preference: random
     0 | D:1      | 0 ||| qw: Goals: Normal
     0 | D:1      | 0 ||| PLANNING D:1-11
    70 | D:1      | Noticed an eye of devastation
    74 | D:1      | Noticed a glass eye
    76 | D:1      | Found a faded altar of an unknown god.
    78 | D:1      | Noticed a golden eye
    78 | D:1      | Noticed an eye of devastation
   105 | D:1      | Found Qystra's Antique Armour Shop.
   115 | D:1      | 115 ||| SHOPLISTING distressingly furry robe (108 gold,
                  | have 13).
   115 | D:1      | 115 ||| SHOPLISTING encrusted robe (108 gold, have 13).
   115 | D:1      | 115 ||| SHOPLISTING ring mail (76 gold, have 13).
   115 | D:1      | 115 ||| SHOPLISTING shiny ring mail (133 gold, have 13).
   232 | D:1      | Reached XP level 2. HP: 17/17 MP: 2/2
   620 | D:1      | 620 ||| UPGRADING to +0 ring mail.
   630 | D:1      | 630 ||| DROPPING +0 leather armour.
   631 | D:1      | 631 ||| UPGRADING to ring of protection from fire.
   632 | D:1      | 632 ||| READING scroll labelled QAULYH OTHA.
   633 | D:1      | 633 ||| DROPPING scroll of butterflies.
   667 | D:2      | 667 ||| STAIRDANCE
   742 | D:2      | Reached skill level 1 in Armour
   758 | D:2      | HP: 4/17 [ribbon worm (4)]
   761 | D:2      | Slain by a ribbon worm

Levels and vault maps discovered:
D:1:      dpeg_arrival_signposts, layout_basic, serial_shops,
          nicolae_lakefront_shop, hellmonk_ecumenical_altar_watching_god,
          wander_ebering_terrifying_dragon_lair
D:2:      layout_basic

Skill      XL: |  1  2 |
---------------+-------+-----
Armour         | 1 |  1.0
Fighting       | |  2.1
Ranged Weapons | |  4.5
Dodging        | |  1.5
Stealth        | |  1.1

Action                     || total
---------------------------++-------
   Fire: Shortbow          ||    48
    Use: Scroll            ||     1
 Armour: Leather armour    ||     3
         Ring mail         ||    15
  Dodge: Dodged            ||    11

Table legend:
 A = Non-vault XP
 B = Vault XP
 C = Vault XP percentage of total XP
 D = Non-vault monster count
 E = Vault monster count
 F = Vault count percentage of total count
                 A         B        C        D         E       F
            +---------+---------+-------+---------+---------+-------
      Total |      25 |       1 |   3.8 |      13 |       1 |   7.1
            +---------+---------+-------+---------+---------+-------
        D:1 |      15 |       1 |   6.2 |       8 |       1 |  11.1
        D:2 |      10 |       0 |   0.0 |       5 |       0 |   0.0
            +---------+---------+-------+---------+---------+-------
